Map: Blackpink LE

Players

axu - Winner!

  • Race: Protoss Protoss
  • League: Platinum
  • Spawn Location: 1:00

Sandra

  • Race: Zerg Zerg
  • League: Platinum
  • Spawn Location: 7:00

VOD

Have the link to the VOD?

Description

Time

  • Played on: May 10, 2018, 12:54 p.m.
  • Length: 13:24
Show
View Real Time Build Order
Export as new Build Order

axu Protoss - Winner!

Build Orders: 1 Gate Expand 

Get SALT Encoding   

  12  0:01  Probe  
  13  0:13  Probe  
  14  0:20  Pylon  
  14  0:25  Probe  
  15  0:38  Probe  
  15  0:41  Gateway  
  16  0:46  Probe  
  16  0:54  Assimilator, Probe  
  18  1:04  Probe  
  19  1:17  Probe  
  20  1:30  Nexus  
  20  1:36  Cybernetics Core  
  20  1:39  Probe  
  21  1:51  Probe  
  22  1:58  Assimilator  
  22  1:59  Pylon  
  22  2:03  Probe  
  22  2:15  Probe  
  23  2:26  Adept  
  23  2:27  Warp Gate  
  23  2:28  Probe  
  26  2:40  Probe  
  27  2:45  Probe  
  28  2:52  Gateway, Probe  
  28  2:58  Probe  
  30  2:59  Adept  
  30  3:04  Probe  
  33  3:06  Robotics Facility  
  33  3:10  Probe  
  34  3:16  Probe  
  35  3:26  Adept  
  37  3:34  Twilight Council  
  37  3:38  Gateway x2  
  37  3:44  Probe x2  
  39  3:56  Probe x2  
  39  4:00  Adept x2  
  45  4:08  Pylon, Probe  
  45  4:09  Probe  
  43  4:24  Resonating Glaives, Probe  
  43  4:25  Probe  
  43  4:28  Shield Battery  
  45  4:32  Immortal  
  49  4:40  Pylon  
  49  4:41  Adept x2  
  53  4:47  Pylon  
  53  4:49  Assimilator  
  53  4:50  Pylon  
  53  4:53  Assimilator  
  53  4:56  Probe  
  53  4:58  Probe  
  55  5:03  Adept  
  55  5:04  Adept x2  
  55  5:05  Adept  
  63  5:14  Probe x2  
  63  5:16  Immortal  
  69  5:26  Probe x2  
  71  5:38  Probe  
  72  5:55  Immortal  
  76  6:07  Adept  
  78  6:13  Nexus  
  78  6:15  Pylon  
  78  6:18  Pylon  
  78  6:24  Gateway, Templar Archives  
  78  6:26  Gateway  
  78  6:27  Gateway  
  78  6:29  Gateway  
  74  6:45  Probe x2  
  68  6:47  Immortal  
  68  6:49  Adept x4  
  80  6:57  Probe x2  
  80  7:00  Pylon  
  82  7:03  Pylon  
  82  7:05  Forge  
  82  7:06  Forge  
  82  7:14  Shield Battery  
  82  7:16  Shield Battery  
  77  7:52  Shield Battery  
  77  7:54  Shield Battery  
  77  7:57  Immortal, Shield Battery  
  81  8:01  Sentry x4  
  89  8:07  Assimilator  
  89  8:09  Assimilator, Probe x3  
  92  8:14  Adept  
  92  8:16  Zealot  
  92  8:17  Zealot x2  
  92  8:19  Charge  
  100  8:21  Probe x3  
  100  8:22  Protoss Ground Weapons Level 1  
  100  8:25  Protoss Ground Armor Level 1  
  103  8:33  Probe  
  104  8:35  Probe x2  
  104  8:36  Immortal  
  110  8:45  Probe  
  111  8:52  High Templar x2  
  111  8:53  High Templar x5  
  125  8:58  Archon x3, Pylon  
  125  8:59  Pylon  
  125  9:05  Psionic Storm  
  125  9:15  Warp Prism  
  127  9:17  Zealot  
  129  9:28  Zealot x5  
  129  9:29  Zealot  
  141  9:52  Observer  
  128  10:03  Probe x2  
  126  10:12  Zealot x6  
  126  10:13  Zealot, Immortal  
  140  10:43  Protoss Ground Weapons Level 2  
  140  10:44  Protoss Ground Armor Level 2  
  140  10:49  Robotics Facility  
  140  11:01  Stargate  
  140  11:02  Stargate  
  140  11:04  Stargate  
  140  11:12  Pylon  
  140  11:13  Pylon  
  140  11:15  Pylon  
  140  11:16  Pylon  
  140  11:17  Pylon  
  140  11:19  Pylon  
  140  11:22  Immortal  
  140  11:31  Immortal, High Templar x3  
  140  11:32  High Templar x3  
  156  11:33  High Templar x2  
  156  11:37  Archon x2  
  164  11:52  Fleet Beacon  
  164  12:00  Observer  
  165  12:06  High Templar, Nexus  
  165  12:07  Zealot  
  165  12:08  Zealot x4  
  175  12:09  Zealot  
  175  12:10  Pylon  
  175  12:11  Pylon  
  175  12:14  Pylon  
  179  12:17  Observer  
  142  12:51  Zealot  
  142  12:52  Zealot x6  
  142  12:53  Zealot  
Show
View Real Time Build Order
Export as new Build Order

Sandra Zerg 

Build Orders: Hatch First, Lurkers 

Get SALT Encoding   

  12  0:01  Drone  
  13  0:13  Overlord  
  13  0:25  Drone  
  14  0:31  Drone x2  
  16  0:36  Drone  
  17  0:56  Hatchery  
  16  0:59  Drone  
  16  1:03  Extractor  
  16  1:04  Drone  
  17  1:21  Spawning Pool  
  17  1:23  Drone  
  17  1:35  Drone x2  
  19  1:41  Drone  
  20  1:51  Overlord  
  20  2:04  Drone  
  21  2:14  Drone x2  
  23  2:16  Queen  
  23  2:18  Metabolic Boost  
  25  2:28  Drone x2  
  27  2:31  Drone  
  27  2:35  Queen  
  30  2:38  Drone  
  30  2:40  Drone  
  32  2:46  Drone  
  33  3:01  Drone  
  33  3:02  Drone  
  33  3:03  Drone  
  36  3:06  Hatchery, Drone  
  36  3:13  Overlord  
  36  3:17  Lair  
  36  3:19  Extractor  
  35  3:23  Drone  
  36  3:33  Roach Warren  
  35  3:41  Zergling x8  
  36  3:44  Drone x2  
  36  3:45  Drone  
  36  3:48  Queen  
  44  3:52  Overlord x2  
  44  3:57  Spore Crawler  
  44  4:00  Spore Crawler  
  42  4:06  Drone x2  
  43  4:19  Queen  
  43  4:21  Drone x4  
  43  4:22  Drone x4  
  53  4:26  Overseer  
  53  4:28  Overseer  
  53  4:33  Hydralisk Den  
  53  4:34  Drone x3  
  53  4:38  Drone x2  
  57  4:43  Overlord  
  57  4:56  Drone  
  57  4:57  Drone x5  
  63  5:00  Spore Crawler, Extractor  
  63  5:02  Drone x2, Extractor  
  63  5:03  Drone x2  
  64  5:08  Extractor  
  64  5:09  Drone x2, Extractor  
  64  5:14  Grooved Spines  
  64  5:16  Drone x3  
  67  5:22  Drone x4  
  71  5:33  Pneumatized Carapace  
  71  5:37  Drone x2  
  71  5:39  Overlord x4  
  70  5:55  Spine Crawler  
  62  6:03  Roach  
  62  6:04  Roach x6  
  65  6:05  Roach  
  58  6:14  Roach x2  
  60  6:21  Roach x2  
  60  6:25  Muscular Augments  
  59  6:54  Drone  
  59  6:55  Drone x8  
  59  6:59  Queen  
  70  7:06  Drone x3  
  64  7:51  Hydralisk x4  
  64  7:52  Hydralisk x6  
  64  7:56  Drone  
  85  8:07  Lurker Den  
  85  8:09  Evolution Chamber  
  85  8:12  Evolution Chamber  
  82  8:18  Queen  
  84  8:23  Drone x4  
  84  8:24  Drone x2  
  84  8:26  Drone x4  
  94  8:33  Drone x2  
  96  8:42  Drone x3  
  99  9:01  Zerg Ground Armor Level 1, Zerg Missile Weapons Level 1  
  99  9:04  Hydralisk x3  
  99  9:05  Hatchery, Hydralisk  
  99  9:06  Extractor  
  99  9:08  Overlord x6  
  99  9:09  Extractor  
  104  9:17  Hydralisk  
  104  9:20  Overseer  
  106  9:38  Overlord  
  106  9:40  Lurker  
  106  9:41  Lurker x7  
  84  10:16  Hydralisk x8  
  84  10:17  Hydralisk  
  102  10:22  Drone x4  
  102  10:23  Drone x6  
  112  10:41  Drone x7  
  112  10:42  Drone x4  
  123  10:50  Spore Crawler  
  123  10:52  Spire  
  121  11:09  Spine Crawler  
  121  11:10  Hydralisk x5  
  121  11:11  Hydralisk x9  
  130  11:12  Hydralisk  
  150  11:28  Infestation Pit  
  150  11:32  Drone  
  150  11:41  Lurker x4  
  150  11:44  Zergling x4  
  150  11:45  Zergling x22  
  167  11:55  Spine Crawler x2  
  165  12:18  Hatchery  
  165  12:20  Extractor x2  
  165  12:21  Overlord x2  
  165  12:22  Overlord x2  
  162  12:23  Overseer  
  162  12:24  Overseer  
  162  12:26  Corruptor x3  
Tags
 
Add a new tag
Caveats
  • Supply blocks, unpowered buildings, or Contaminate may cause inaccurate times.
  • Supply counts are checked every 10 seconds.